 Dungeon Crawl Stone Soup version 0.30-a0-802-gb92711bcdf (webtiles) character file.

Game seed: 3359853460792245444

322 sircluck the Poker (level 6, 0/51 HPs)
             Began as a Gnoll Reaver on Feb 24, 2023.
             Succumbed to a scorpion's poison
             ... on level 4 of the Dungeon.
             The game lasted 00:07:23 (3200 turns).

sircluck the Poker (Gnoll Reaver)                   Turns: 3200, Time: 00:07:24

Health: 0/51       AC:  3    Str: 18    XL:     6   Next: 47%
Magic:  14/14      EV: 13    Int: 12    God:
Gold:   123        SH:  0    Dex: 12    Spells: 14/15 levels left

rFire   . . .      SeeInvis .    s - +3 dagger of Norreocvi {heavy, Str+4 Dex+2}
rCold   . . .      Faith    .    (no shield)
rNeg    . . .      Spirit   .    b - +0 leather armour
rPois   .          Reflect  .    (no helmet)
rElec   .          Harm     .    (no cloak)
rCorr   .          Rampage  .    (no gloves)
Will    .....                    (no boots)
Stlth   ++                       (no amulet)
HPRegen 0.28/turn                (no ring)
MPRegen 0.14/turn                (no ring)

@: mighty, brilliant, lethally poisoned (0 -> -7)
A: fangs 1, strong nose, distributed training
a: no special abilities


You were on level 4 of the Dungeon.
You visited 1 branch of the dungeon, and saw 4 of its levels.

You collected 123 gold pieces.

Inventory:

Hand Weapons
 a - a +0 spear
 i - a +2 dagger of venom
 q - a +1 spear of venom
 s - the +3 dagger of Norreocvi (weapon) {heavy, Str+4 Dex+2}
   (You found it on level 3 of the Dungeon)

   Str:       It affects your strength (+4).
   Dex:       It affects your dexterity (+2).
 y - a +2 short sword of flaming
Missiles
 c - 33 stones
 j - 2 boomerangs
 r - 4 atropa-tipped darts
 u - 6 poisoned darts
Armour
 b - a +0 leather armour (worn)
 t - a +0 robe
 v - a +0 kite shield
 x - an orb of guile
Scrolls
 e - a scroll of fog {unknown}
 g - a scroll of immolation {unknown}
 h - a scroll of silence {unknown}
 k - a scroll of poison {unknown}
 m - a scroll of teleportation {unknown}
 n - a scroll of enchant armour {unknown}
 w - a scroll of identify {unknown}
Potions
 d - a potion of attraction {unknown}
 f - a potion of brilliance
 l - a potion of might
 o - a potion of mutation {unknown}
 p - a potion of haste {unknown}


   Skills:
 + Level 5.0 Fighting
 + Level 2.0 Short Blades
 + Level 2.0 Long Blades
 + Level 2.0 Axes
 + Level 2.0 Maces & Flails
 + Level 6.8 Polearms
 + Level 2.0 Staves
 + Level 2.0 Ranged Weapons
 + Level 2.0 Throwing
 + Level 2.0 Armour
 + Level 5.0 Dodging
 + Level 2.0 Stealth
 + Level 2.0 Shields
 + Level 2.0 Unarmed Combat
 + Level 5.4 Spellcasting
 + Level 5.7 Conjurations
 + Level 1.6 Hexes
 + Level 1.6 Summonings
 + Level 1.6 Necromancy
 + Level 1.6 Translocations
 + Level 1.6 Transmutations
 + Level 1.6 Fire Magic
 + Level 1.6 Ice Magic
 + Level 1.6 Air Magic
 + Level 1.6 Earth Magic
 + Level 1.6 Poison Magic
 + Level 2.2 Invocations
 + Level 2.0 Evocations


You had 14 spell levels left.
You knew the following spells:

 Your Spells              Type           Power      Damage    Failure   Level
a - Kiss of Death         Conj/Necr      72%        2d10      4%          1

Your spell library contained the following spells:

 Spells                   Type           Power      Damage    Failure   Level
 Magic Dart               Conj           100%       1d8       2%          1
 Momentum Strike          Conj/Tloc      36%        3d9       8%          2
 Hailstorm                Conj/Ice       18%        3d6       16%         3
 Call Imp                 Summ           10%        N/A       19%         2
 Mephitic Cloud           Conj/Pois/Air  15%        N/A       21%         3
 Leda's Liquefaction      Hex/Erth       5%         N/A       75%         4
 Lee's Rapid Deconstruct  Erth           5%         3d6*      97%         5
 Statue Form              Tmut/Erth      6%         N/A       100%        6


Dungeon Overview and Level Annotations

Branches:
Dungeon (4/15)
 Temple: D:4-7

Altars:
Ru

Shops:
D:4 *

Annotations:
D:4 Blork the orc


Innate Abilities, Weirdness & Mutations

You have very sharp teeth.
Your uncanny sense of smell can sniff out nearby items.
Your experience applies equally to all skills.


Message History

You hit Blork the orc. You bite Blork the orc.
Blork the orc is moderately wounded.
You feel very sick.
Blork the orc screams, "I'll make a cloak from your skin!"
Blork the orc closely misses you. The scorpion misses you.
Blork the orc hits you with a +3 mace of holy wrath.
You barely miss Blork the orc.
Blork the orc is moderately wounded.
You feel sick. The scorpion completely misses you.
Blork the orc hits you with a +3 mace of holy wrath.
The scorpion stings you.
You are more poisoned.
The scorpion poisons you!
You are too injured to fight recklessly!
You are too injured to fight recklessly!
You are too injured to fight recklessly!
You are too injured to fight recklessly!
You are too injured to fight recklessly!
You are too injured to fight recklessly!
You are too injured to fight recklessly!
You are too injured to fight recklessly!
You are too injured to fight recklessly!
You hit Blork the orc.
Blork the orc is heavily wounded.
You feel very sick. The scorpion stings you!
* * * LOW HITPOINT WARNING * * *
Blork the orc gestures at you while chanting.
The magic dart hits you.
* * * LOW HITPOINT WARNING * * *
It was a potion of brilliance.
You feel clever all of a sudden.
* * * LOW HITPOINT WARNING * * *
You feel sick. The scorpion barely misses you.
Blork the orc hits you with a +3 mace of holy wrath.
* * * LOW HITPOINT WARNING * * *
The scorpion completely misses you.
It was a potion of might.
You feel very mighty all of a sudden.
You die...

#..## ####.
.#########...###....
...................
...........###.... ∆
.................
#.#####...###..). #.##
##.####....
#..#####..#####...##....
......o@................
......s####.....#)##....
...#####..##'#..#..###'#
. #†.'..####..#...#
#))#..'..#..#.).#
#######..#+##...#
#..........#)).#
'....####..#...#
#.####..#.##'###


You could see Blork the orc and a scorpion.

Vanquished Creatures
  The ghost of Averyaves the Covered, an amateur HuFi (D:3)
  A phantom (D:4)
  An iguana (D:4)
  An orc wizard (D:3)
  A gnoll (D:4)
  3 adders (D:3)
  A dart slug (D:2)
  10 orcs
  5 ball pythons
  9 endoplasms
  2 giant cockroaches (D:1)
  4 goblins
  7 hobgoblins
  3 jackals (D:1)
  2 quokkas
  A frilled lizard (D:3)
  10 kobolds
  4 rats
66 creatures vanquished.

Vanquished Creatures (others)
  A plant (D:4)
1 creature vanquished.

Grand Total: 67 creatures vanquished

Notes
Turn   | Place    | Note
-------+----------+-------------------------------------------
     0 | D:1      | sircluck the Gnoll Reaver began the quest for the Orb.
     0 | D:1      | Reached XP level 1. HP: 20/20 MP: 6/6
   146 | D:1      | Reached XP level 2. HP: 26/26 MP: 7/7
   390 | D:1      | Reached skill level 5 in Spellcasting
   390 | D:1      | Reached XP level 3. HP: 31/31 MP: 7/9
   621 | D:1      | Found a faded altar of an unknown god.
   974 | D:2      | Reached skill level 1 in Invocations
  1345 | D:3      | Reached skill level 1 in Short Blades
  1345 | D:3      | Reached skill level 1 in Long Blades
  1345 | D:3      | Reached skill level 1 in Axes
  1345 | D:3      | Reached skill level 1 in Maces & Flails
  1345 | D:3      | Reached skill level 1 in Staves
  1345 | D:3      | Reached skill level 1 in Ranged Weapons
  1345 | D:3      | Reached skill level 1 in Throwing
  1345 | D:3      | Reached skill level 1 in Armour
  1345 | D:3      | Reached skill level 1 in Stealth
  1345 | D:3      | Reached skill level 1 in Shields
  1345 | D:3      | Reached skill level 1 in Unarmed Combat
  1345 | D:3      | Reached skill level 1 in Evocations
  1463 | D:3      | Reached XP level 4. HP: 38/38 MP: 11/11
  1657 | D:3      | Identified the +3 dagger of Norreocvi {heavy, Str+4 Dex+2}
  1808 | D:3      | Found a sacrificial altar of Ru.
  1867 | D:3      | Reached skill level 1 in Hexes
  1867 | D:3      | Reached skill level 1 in Summonings
  1867 | D:3      | Reached skill level 1 in Necromancy
  1867 | D:3      | Reached skill level 1 in Translocations
  1867 | D:3      | Reached skill level 1 in Transmutations
  1867 | D:3      | Reached skill level 1 in Fire Magic
  1867 | D:3      | Reached skill level 1 in Ice Magic
  1867 | D:3      | Reached skill level 1 in Air Magic
  1867 | D:3      | Reached skill level 1 in Earth Magic
  1867 | D:3      | Reached skill level 1 in Poison Magic
  1884 | D:3      | Found a runed translucent gate.
  1885 | D:3      | Found a runed translucent gate.
  1887 | D:3      | Found a runed translucent gate.
  1888 | D:3      | Noticed Averyaves's ghost (amateur HuFi)
  2345 | D:3      | Found the +1 Delatra's gloves {ID++}
  2418 | D:4      | Noticed an ogre
  2453 | D:3      | Killed Averyaves's ghost
  2454 | D:3      | Reached XP level 5. HP: 12/43 MP: 12/12
  2632 | D:4      | HP: 1/43 [iguana (9)]
  2768 | D:4      | Reached XP level 6. HP: 37/50 MP: 13/13
  2947 | D:4      | Reached skill level 5 in Fighting
  2947 | D:4      | Reached skill level 5 in Dodging
  3142 | D:4      | Found Boirgh Quje's Fire Supplies.
  3189 | D:4      | Noticed Blork the orc
  3199 | D:4      | HP: 2/51 [Blork the orc/+3 mace of holy wrath (2)]
  3200 | D:4      | Succumbed to a scorpion's poison

Illustrated notes

Levels and vault maps discovered:
D:1:      reono_arrival_mine, layout_rooms, chequers_ecumenical_altar_grove
D:2:      layout_basic
D:3:      layout_rooms, mainiacjoe_overflow_brackets, ebering_ghost_rock_garden,
          roderic_roman_lattice, pf_guarded_unrand_delatra
D:4:      corexii_shantytown, layout_rooms, gup_sewer_entry_bowl,
          nicolae_shop_fire_sale [nicolae_sub_dead_trees],
          nicolae_shop_clearance, uniq_blork_the_orc, uniq_crazy_yiuf_cottage

Skill      XL: |  1  2  3  4  5  6 |
---------------+-------------------+-----
Spellcasting   | 5 |  5.4
Invocations    | 1 2 |  2.2
Short Blades   | 1 2 |  2.0
Long Blades    | 1 2 |  2.0
Axes           | 1 2 |  2.0
Maces & Flails | 1 2 |  2.0
Staves         | 1 2 |  2.0
Ranged Weapons | 1 2 |  2.0
Throwing       | 1 2 |  2.0
Armour         | 1 2 |  2.0
Stealth        | 1 2 |  2.0
Shields        | 1 2 |  2.0
Unarmed Combat | 1 2 |  2.0
Evocations     | 1 2 |  2.0
Hexes          | 1 |  1.6
Summonings     | 1 |  1.6
Necromancy     | 1 |  1.6
Translocations | 1 |  1.6
Transmutations | 1 |  1.6
Fire Magic     | 1 |  1.6
Ice Magic      | 1 |  1.6
Air Magic      | 1 |  1.6
Earth Magic    | 1 |  1.6
Poison Magic   | 1 |  1.6
Fighting       | 5 |  5.0
Dodging        | 5 |  5.0
Polearms       | |  6.8
Conjurations   | |  5.7

Action                     |  1- 3 |  4- 6 || total
---------------------------+-------+-------++-------
  Melee: Spear             |   107 |       ||   107
         Bite              |    11 |    13 ||    24
         Punch             |     1 |       ||     1
         Dagger            |    22 |   142 ||   164
    Use: Potion            |     1 |     4 ||     5
   Stab: Sleeping          |     1 |     4 ||     5
 Armour: Leather armour    |    21 |    20 ||    41
  Dodge: Dodged            |    52 |    87 ||   139

Table legend: (Time is in decaauts)
 A = Elapsed time spent in this place.
 B = Non-inter-level travel time spent in this place.
 C = Inter-level travel time spent in this place.
 D = Time resting spent in this place.
 E = Time spent auto-exploring this place.
 F = Levels seen in this place.
 G = Mean time per level.
                   A        B        C        D        E       F      G
               +--------+--------+--------+--------+--------+-----+--------+
         Total |   3216 |   2896 |    320 |    213 |   2048 |   4 |  804.0 |
       Dungeon |   3216 |   2896 |    320 |    213 |   2048 |   4 |  804.0 |
               +--------+--------+--------+--------+--------+-----+--------+

Top non-repeatable levels by time:
     D:3: 1307 daAuts
     D:1: 707 daAuts
     D:4: 602 daAuts
     D:2: 599 daAuts
